 Dungeon Crawl Stone Soup version 0.31.0-11-ge490571c62 (webtiles) character file.

Game seed: 2204151546848690356

95 Arctor the Firebug (level 4, 0/24 HPs)
             Began as a Deep Elf Fire Elementalist on Feb 2, 2024.
             Slain by Grinder (3 damage)
             ... on level 2 of the Dungeon.
             The game lasted 00:01:39 (2354 turns).

Arctor the Firebug (Deep Elf Fire Elementalist)     Turns: 2354, Time: 00:01:40

Health: 0/24       AC:  3    Str:  9    XL:     4   Next: 40%
Magic:  8/11       EV: 13    Int: 21    God:
Gold:   104        SH:  0    Dex: 14    Spells: 9/10 levels left

rFire   . . .        k - staff of conjuration
rCold   . . .        d - orb {light}
rNeg    . . .        a - +0 robe
rPois   .            i - +0 helmet
rElec   .            (no cloak)
rCorr   .            (no gloves)
SInv    .            (no boots)
Will    +....        (no amulet)
Stlth   +            (no ring)
HPRegen 0.24/turn    (no ring)
MPRegen 0.12/turn

%: random rage (3%)
@: attractive, glowing
A: berserk 1, strong-willed 1, strong 1
a: no special abilities


You were on level 2 of the Dungeon.
You visited 1 branch of the dungeon, and saw 3 of its levels.

You collected 104 gold pieces.

Inventory:

Hand Weapons
 h - a +2 dagger of venom
Armour
 a - a +0 robe (worn)
 d - an orb of light (worn)
 i - a +0 helmet (worn)
Magical Staves
 k - a staff of conjuration (weapon)
Jewellery
 e - a ring of fire
Scrolls
 f - a scroll of immolation {unknown}
 j - 2 scrolls of fear {unknown}
 l - a scroll of blinking {unknown}
Potions
 b - 2 potions of magic
 c - a potion of mutation
 g - a potion of attraction


   Skills:
 + Level 3.3 Dodging
 + Level 3.4 Stealth
 + Level 3.8 Spellcasting
 + Level 2.2 Conjurations
 + Level 4.0 Fire Magic


You had 9 spell levels left.
You knew the following spells:

 Your Spells              Type           Power      Damage    Failure   Level
a - Foxfire               Conj/Fire      100%       2x1d9     3%          1

Your spell library contained the following spells:

 Spells                   Type           Power      Damage    Failure   Level
 Scorch                   Fire           40%        2d6       3%          2
 Inner Flame              Hex/Fire       12%        N/A       16%         3
 Volatile Blastmotes      Fire/Tloc      24%        2d12      16%         3
 Flame Wave               Conj/Fire      25%        2d8       32%         4
 Ozocubu's Armour         Ice            4%         N/A       36%         3
 Metabolic Englaciation   Hex/Ice        2%         N/A       98%         5
 Sculpt Simulacrum        Ice/Alch       2%         N/A       100%        6


Dungeon Overview and Level Annotations

Branches:
Dungeon (3/15)

Altars:

Annotations:
D:2 Grinder


Innate Abilities, Weirdness & Mutations

You sometimes lose your temper in combat.
You are strong-willed. (Will+)
Your muscles are strong. (Str +4, Int/Dex -1)


Message History

The foxfire hits the giant cockroach.
You kill the giant cockroach!
The foxfire hits Grinder!
Grinder is lightly wounded.
Grinder gestures at you.
You suddenly lose the ability to move!
You stop ascending the stairs.
Grinder gestures at you. Pain shoots through your body! Grinder hits you.
* * * LOW HITPOINT WARNING * * *
You writhe in agony.
* * * LOW HITPOINT WARNING * * *
You can move again.
It was a potion of mutation.
You feel extremely strange.
You feel a little pissed off.
You feel strong-willed.
You feel stronger. Grinder closely misses you.
It was a potion of attraction.
You feel attractive to monsters. Grinder hits you.
* * * LOW HITPOINT WARNING * * *
Grinder barely misses you.
You climb upwards.
There is a stone staircase leading down here.
Casting: Foxfire (safe; 3% risk of failure)
Confirm with . or Enter, or press ? or * to list all spells.
You don't know that spell.
Casting: Foxfire (safe; 3% risk of failure)
Confirm with . or Enter, or press ? or * to list all spells.
You feel a surge of power!
You conjure some foxfire!
Grinder gestures at you. You resist with almost no effort.
Casting: Foxfire (safe; 3% risk of failure)
Confirm with . or Enter, or press ? or * to list all spells.
You feel a surge of power!
You conjure some foxfire!
The foxfire hits Grinder!
Grinder is moderately wounded.
The foxfire hits Grinder.
Grinder is moderately wounded.
Grinder hits you.
You die...
Grinder says, "Hey, I wasn't done torturing you yet!"

.....##.#.........###.#
......................#
..................#####
#.................#
##.#.............##
...#.......#####.#
...........#####.#
...............5v#
.....#..........@#
...............§v#
.................#
..###............# ..#
#....######### ..#
##...# ..# #...# ..#
#...# ..# #...#


You could see Grinder (ally target).

Vanquished Creatures
  Jessica (D:2)
  3 adders (D:2)
  A dart slug (D:1)
  4 ball pythons
  4 bats
  3 endoplasms
  4 giant cockroaches
  A goblin (D:2)
  6 hobgoblins
  5 kobolds
  A quokka (D:1)
  2 frilled lizards (D:1)
  4 rats (D:1)
39 creatures vanquished.

Vanquished Creatures (collateral kills)
  5 foxfires (D:1)
5 creatures vanquished.

Vanquished Creatures (others)
  222 foxfires
222 creatures vanquished.

Grand Total: 266 creatures vanquished

Notes
Turn   | Place    | Note
-------+----------+-------------------------------------------
     0 | D:1      | Arctor the Deep Elf Fire Elementalist began the quest for
                  | the Orb.
     0 | D:1      | Reached XP level 1. HP: 10/10 MP: 6/6
   364 | D:1      | Reached XP level 2. HP: 15/15 MP: 2/8
  1217 | D:1      | Found a faded altar of an unknown god.
  1363 | D:2      | Identified the +1 scale mail of the Loofah {rC+ Str+3 Int+4
                  | Slay-5}
  1378 | D:2      | Noticed Jessica
  1381 | D:2      | Killed Jessica
  1382 | D:2      | Reached XP level 3. HP: 19/19 MP: 6/10
  1523 | D:2      | Reached XP level 4. HP: 24/24 MP: 7/11
  1882 | D:2      | Reached skill level 4 in Fire Magic
  2342 | D:3      | Noticed Grinder
  2345 | D:3      | Paralysed by Grinder for 4 turns
  2349 | D:3      | Gained mutation: You sometimes lose your temper in combat.
                  | [potion of mutation]
  2349 | D:3      | Gained mutation: You are strong-willed. (Will+) [potion of
                  | mutation]
  2349 | D:3      | Gained mutation: Your muscles are strong. (Str +4, Int/Dex
                  | -1) [potion of mutation]
  2354 | D:2      | Slain by Grinder

Illustrated notes

Levels and vault maps discovered:
D:1:      heliophobic_arrival_battle_scene, layout_basic,
          shapermc_ecumenical_altar_hornbeckon
D:2:      layout_basic, uniq_jessica
D:3:      layout_loops_cross, mainiacjoe_overflow_chevrons, st_stairs_6,
          uniq_robin, uniq_grinder, uniq_sigmund

Skill      XL: |  1  2  3  4 |
---------------+-------------+-----
Dodging        | 3 |  3.3
Stealth        | 3 |  3.4
Conjurations   | 2 |  2.2
Fire Magic     | 4 |  4.0
Spellcasting   | |  3.8

Action                     |  1- 3 |  4- 6 || total
---------------------------+-------+-------++-------
  Melee: Unarmed           |     5 |       ||     5
   Cast: Foxfire           |    89 |    44 ||   133
    Use: Potion            |       |     2 ||     2
 Armour: Robe              |     7 |     6 ||    13
  Dodge: Dodged            |     4 |     3 ||     7
